 Dungeon Crawl Stone Soup version 0.20-a0-1020-g7b9e4fe (webtiles) character file.

311 Ichigo the Cleaver (level 6, -12/50 HPs)
             Began as a Minotaur Gladiator on Apr 19, 2017.
             Killed by divine providence
             ... invoked by an orc priest
              (13 damage)
             ... on level 4 of the Dungeon.
             The game lasted 00:03:33 (2679 turns).

Ichigo the Cleaver (Minotaur Gladiator)             Turns: 2679, Time: 00:03:33

Health: -12/50     AC:  8    Str: 26    XL:     6   Next: 18%
Magic:  5/5        EV: 15    Int: 17    God:
Gold:   112        SH:  0    Dex: 16    Spells: 5/5 levels left

rFire    + . .     SeeInvis .   i - +2 hand axe (chop)
rCold    + . .     Gourm    .   (no shield)
rNeg     . . .     Faith    .   j - +0 chain mail (curse)
rPois    +         Spirit   .   c - +0 hat
rElec    +         Reflect  .   (no cloak)
rCorr    +         Harm     .   (no gloves)
MR       +....                  (no boots)
Stlth    ..........             n - amulet of rage
Regen    0.2/turn               s - +5 ring of intelligence
MPRegen  0.1/turn               (no ring)

@: mighty, brilliant, agile, resistant
A: retaliatory headbutt, horns 2, clever 1, magic resistance 1, wild magic 1
a: Evoke Berserk Rage


You were on level 4 of the Dungeon.
You were hungry.

You visited 1 branch of the dungeon, and saw 4 of its levels.

You collected 112 gold pieces.

Inventory:

Hand Weapons
 a - a +0 war axe
 i - a +2 hand axe of chopping (weapon)
Missiles
 d - 3 throwing nets (quivered)
Armour
 b - a +0 leather armour
 c - a +0 hat (worn)
 j - a cursed +0 chain mail (worn)
Jewellery
 n - an amulet of rage (around neck)
 s - a +5 ring of intelligence (left hand)
Wands
 g - a wand of clouds (4/9)
 r - a wand of iceblast (6/15)
Scrolls
 l - a scroll of fear {unknown}
 q - 4 scrolls of remove curse {unknown}
 t - a scroll of blinking {unknown}
 u - a scroll of amnesia {unknown}
 v - 5 scrolls of identify {unknown}
 x - a scroll of enchant weapon {unknown}
Potions
 e - a potion of brilliance
Comestibles
 f - 4 bread rations
 z - a royal jelly
 A - a chunk of flesh


   Skills:
 - Level 2.4 Fighting
 + Level 8.4 Axes
 - Level 2.0 Throwing
 - Level 3.2 Dodging


You had 5 spell levels left.
You didn't know any spells.

Dungeon Overview and Level Annotations

Branches:
Dungeon (4/15)
 Temple: D:4-7

Altars:
Elyvilon
Fedhas


Innate Abilities, Weirdness & Mutations

You reflexively headbutt those who attack you in melee.
You have a pair of horns on your head.
Your mind is acute. (Int +2)
You are resistant to hostile enchantments. (MR+)
Your spells are a little harder to cast, but a little more powerful.


Message History

You have reached level 6!
Your experience leads to an increase in your attributes!
Your base attributes are Str 20, Int 5, Dex 11.
Increase (S)trength, (I)ntelligence, or (D)exterity?
You feel stronger.
You slash the wight! You headbutt the wight.
The wight is almost destroyed.
The wight hits you with an enchanted great sword!
The orc priest invokes the aid of Beogh against you.
Beogh smites you!
* * * LOW HITPOINT WARNING * * *
You hit the wight.
You destroy the wight!
You hear some strange, mumbled words.
A puff of flame appears from out of thin air!
The puff of flame hits you! You resist.
* * * LOW HITPOINT WARNING * * *
The orc priest mumbles some strange prayers to Beogh against you.
Beogh smites you!
You die...

###.......#
#......# #
#.......#
#......# #
#########
#......# #
#......# .+
###.#### ##
#.# . #.##
## #..# .
##@# ##
##z#######
#..o......
#Zo)......
#.........
#.........
.........o
#..........
#......##..


You could see a wight, an orc priest, an orc and an adder skeleton.

Vanquished Creatures
  2 wights (D:4)
  A jelly (D:3)
  A hound (D:4)
  An iguana (D:3)
  A gnoll (D:1)
  5 adders
  2 worms
  2 leopard geckos
  4 orcs
  A ball python (D:1)
  3 giant cockroaches
  6 goblins
  6 hobgoblins
  8 jackals
  A quokka (D:2)
  7 bats
  4 frilled lizards
  8 kobolds
  12 rats
75 creatures vanquished.

Notes
Turn   | Place    | Note
-------+----------+-------------------------------------------
     0 | D:1      | Ichigo the Minotaur Gladiator began the quest for the Orb.
     0 | D:1      | Reached XP level 1. HP: 18/18 MP: 0/0
    62 | D:1      | Reached skill level 4 in Axes
   310 | D:1      | Reached XP level 2. HP: 22/25 MP: 1/1
   729 | D:1      | Reached skill level 5 in Axes
   729 | D:1      | Reached XP level 3. HP: 28/30 MP: 2/2
  1268 | D:2      | Found a white marble altar of Elyvilon.
  1321 | D:2      | Reached XP level 4. HP: 35/37 MP: 3/3
  1381 | D:2      | Found a blossoming altar of Fedhas.
  1543 | D:2      | Reached skill level 6 in Axes
  2055 | D:3      | Reached skill level 7 in Axes
  2055 | D:3      | Reached XP level 5. HP: 21/42 MP: 4/4
  2669 | D:4      | Gained mutation: You occasionally shout uncontrollably at your foes. [potion of mutation]
  2669 | D:4      | Gained mutation: You are resistant to hostile enchantments. (MR+) [potion of mutation]
  2670 | D:4      | Lost mutation: You are resistant to hostile enchantments. (MR+) [potion of mutation]
  2670 | D:4      | Lost mutation: You occasionally shout uncontrollably at your foes. [potion of mutation]
  2670 | D:4      | Gained mutation: You are resistant to hostile enchantments. (MR+) [potion of mutation]
  2670 | D:4      | Gained mutation: Your spells are a little harder to cast, but a little more powerful. [potion of mutation]
  2670 | D:4      | Gained mutation: Your mind is acute. (Int +2) [potion of mutation]
  2677 | D:4      | Reached skill level 8 in Axes
  2677 | D:4      | Reached XP level 6. HP: 33/50 MP: 5/5
  2679 | D:4      | HP: 1/50 [something/puff of flame (2)]
  2679 | D:4      | Killed from afar by an orc priest

Vault maps used:
D:1:      lightli_arrival_chessboard
D:2:      lemuel_coloured_pillars_altar, fedhas_altar_1
D:3:      minmay_misc_feat_tiny
D:4:      kennysheep_okawaru_gauntlet, chequers_ossuary_entry_cave,
          minmay_misc_feat_rows, uniq_eustachio

Skill      XL: |  1  2  3  4  5 |
---------------+----------------+-----
Axes           | 4 5 7 8 |  8.4
Fighting       | |  2.4
Throwing       | |  2.0
Dodging        | |  3.2

Action                   |  1- 3 |  4- 6 || total
-------------------------+-------+-------++-------
Melee: War axe           |    16 |       ||    16
       Headbutt          |    10 |    13 ||    23
       Hand axe          |    41 |    74 ||   115
  Use: Potion            |       |     8 ||     8
  Eat: Chunk             |     1 |     4 ||     5
Armor: Chain mail        |    14 |    37 ||    51
Dodge: Dodged            |    31 |    31 ||    62
